 Dungeon Crawl Stone Soup version 0.31-a0-234-gad7ace16ef (webtiles) character file.

Game seed: 15307598759230972853

1754 qw the Skirmisher (level 8, -3/71 HPs)
             Began as a Minotaur Hexslinger on July 9, 2023.
             Slain by a vampire mosquito (6 damage)
             ... on level 7 of the Dungeon.
             The game lasted 00:01:53 (5305 turns).

qw the Skirmisher (Minotaur Hexslinger)             Turns: 5305, Time: 00:01:54

Health: -3/71      AC:  5    Str: 12    XL:     8   Next: 78%
Magic:  8/8        EV: 14    Int: 10    God:
Gold:   316        SH:  5    Dex: 16    Spells: 8/9 levels left

rFire   + . .        Y - +0 longbow
rCold   + . .        (shield currently unavailable)
rNeg    . . .        e - +2 robe {rF+}
rPois   +            (helmet restricted)
rElec   .            (no cloak)
rCorr   .            h - +0 pair of gloves
SInv    .            (no boots)
Will    .....        o - amulet of reflection
Stlth   +            c - ring of poison resistance
HPRegen 0.31/turn    k - ring of protection from cold
MPRegen 0.11/turn

%: reflection
@: no status effects
A: horns 2, retaliatory headbutt
a: no special abilities


You were on level 7 of the Dungeon.
You visited 1 branch of the dungeon, and saw 7 of its levels.

You collected 316 gold pieces.


Innate Abilities, Weirdness & Mutations

You have a pair of horns on your head.
You reflexively headbutt those who attack you in melee.


   Skills:
 + Level 6.7 Fighting
 - Level 10.0 Ranged Weapons
 - Level 1.2 Armour
 - Level 4.7 Dodging
 - Level 1.0 Spellcasting
 - Level 2.0 Hexes


You had 8 spell levels left.
You knew the following spells:

 Your Spells              Type           Power      Damage    Failure   Level
a - Slow                  Hex            16%        N/A       16%         1

Your spell library contained the following spells:

 Spells                   Type           Power      Damage    Failure   Level
 Inner Flame              Hex/Fire       2%         N/A       56%         3
 Portal Projectile        Hex/Tloc       4%         N/A       56%         3
 Cause Fear               Hex            2%         N/A       83%         4

Inventory:

Hand Weapons
 Y - a +0 longbow (weapon)
Armour
 e - a +2 robe of fire resistance (worn)
 h - a +0 pair of gloves (worn)
Jewellery
 b - a ring of poison resistance
 c - a ring of poison resistance (left hand)
 k - a ring of protection from cold (right hand)
 o - an amulet of reflection (around neck)
Scrolls
 i - a scroll of identify
Potions
 a - a potion of brilliance {unknown}
 d - 2 potions of might
 g - a potion of curing {unknown}
 j - a potion of degeneration {unknown}
 l - a potion of invisibility {unknown}
 m - 2 potions of magic {unknown}

Dungeon Overview and Level Annotations

Branches:
Dungeon (7/15)
 Temple: D:4-7

Altars:
Cheibriados
Elyvilon
Makhleb
Uskayaw
Zin

Shops:
D:4 :

Annotations:
D:7 Prince Ribbit


Message History

The bullfrog hits you.
The vampire mosquito bites you but does no damage.
The vampire mosquito barely misses you. You furiously retaliate!
You headbutt the vampire mosquito.
Prince Ribbit blinks!
You shoot an arrow.
The arrow completely misses the bullfrog.
The bullfrog completely misses you. You furiously retaliate!
You headbutt the bullfrog.
The vampire mosquito closely misses you.
The vampire mosquito bites you!
The vampire mosquito draws strength from your injuries!
The bullfrog barely misses you. You furiously retaliate!
You headbutt the bullfrog.
You kill the bullfrog!
The vampire mosquito bites you!
The vampire mosquito draws strength from your injuries!
The vampire mosquito closely misses you.
You shoot an arrow. The arrow hits the vampire mosquito!
The vampire mosquito is heavily damaged.
The vampire mosquito bites you!
The vampire mosquito draws strength from your injuries!
The vampire mosquito barely misses you. You furiously retaliate!
You headbutt the vampire mosquito. The vampire mosquito misses you.
You furiously retaliate!
You headbutt the vampire mosquito. The vampire mosquito bites you.
The vampire mosquito draws strength from your injuries!
The vampire mosquito bites you.
The vampire mosquito draws strength from your injuries!
The vampire mosquito bites you.
The vampire mosquito draws strength from your injuries!
You shoot an arrow. The arrow hits the vampire mosquito.
The vampire mosquito is severely damaged.
You block the vampire mosquito's attack.
The vampire mosquito bites you.
The vampire mosquito draws strength from your injuries!
The vampire mosquito barely misses you.
The vampire mosquito closely misses you.
You block the vampire mosquito's attack. x2
The vampire mosquito bites you.
You die...

...#
##...####.##
.#..
#...>....# #
.##
#.########
#.# #.# ###
#.## #.## ..
#.<# ##.##
##. ##..#
##.###.##
##...#
##.##yy##
##....##
##..@yF#
.......#
#.###..#
.#..#..# #.#
....
#..#...# #.#
)...
##..##.# .##
.#! ##....#
. # #.#.. ..
## .# ##


You could see Prince Ribbit and 3 vampire mosquitoes.

Vanquished Creatures
  Grinder (D:4)
  A vampire mosquito (D:7)
  An acid dragon (D:5)
  A water moccasin (D:7)
  2 ogres
  A phantom (D:4)
  A kobold brigand (D:7)
  2 bullfrogs (D:7)
  5 scorpions
  5 hounds
  2 jellies (D:6)
  2 orc priests (D:4)
  A sleepcap (D:6)
  An orc wizard (D:6)
  4 adders
  A white imp (D:5)
  2 ufetubi (D:6)
  2 worms
  2 dart slugs
  16 orcs
  9 ball pythons
  2 bats (D:2)
  4 endoplasms
  5 giant cockroaches
  7 goblins
  6 hobgoblins
  8 jackals
  11 kobolds
  3 quokkas
  3 frilled lizards
  6 rats
117 creatures vanquished.

Notes
Turn   | Place    | Note
-------+----------+-------------------------------------------
     0 | D:1      | qw the Minotaur Hexslinger began the quest for the Orb.
     0 | D:1      | Reached XP level 1. HP: 16/16 MP: 1/1
     0 | D:1      | 0 ||| qw: Version: 0.3-a-51-g015441d
     0 | D:1      | 0 ||| qw: Game counter: 4181
     0 | D:1      | 0 ||| qw: Melee chars always use a shield: true
     0 | D:1      | 0 ||| qw: God list: Okawaru
     0 | D:1      | 0 ||| qw: Allow faded altars: false
     0 | D:1      | 0 ||| qw: Do Orc after clearing Dungeon:15 true
     0 | D:1      | 0 ||| qw: Do second Lair branch before Depths: true
     0 | D:1      | 0 ||| qw: Lair rune preference: random
     0 | D:1      | 0 ||| qw: Goals: Normal
     0 | D:1      | 0 ||| PLANNING D:1-11
   199 | D:1      | Reached skill level 3 in Ranged Weapons
   199 | D:1      | Reached XP level 2. HP: 16/23 MP: 2/2
   452 | D:1      | Found a faded altar of an unknown god.
   503 | D:1      | 503 ||| FLEEEEING.
   504 | D:1      | 504 ||| FLEEEEING.
   505 | D:1      | 505 ||| FLEEEEING.
   901 | D:1      | 901 ||| UPGRADING to +0 leather armour.
   911 | D:1      | 911 ||| DROPPING +0 robe.
   912 | D:1      | 912 ||| UPGRADING to +0 ring mail.
   922 | D:1      | 922 ||| DROPPING +0 leather armour.
   923 | D:1      | 923 ||| READING 2 scrolls labelled TALUACI NIAZ.
   924 | D:1      | 924 ||| READING scroll labelled MES QETOAWOOSM.
   925 | D:1      | 925 ||| DROPPING scroll of vulnerability.
   926 | D:1      | 926 ||| DROPPING scroll of poison.
  1098 | D:2      | Reached XP level 3. HP: 28/29 MP: 3/3
  1366 | D:2      | Reached skill level 4 in Ranged Weapons
  1422 | D:2      | Reached skill level 1 in Armour
  1584 | D:2      | 1584 ||| UPGRADING to ring of poison resistance.
  1585 | D:2      | 1585 ||| READING 2 scrolls labelled VYD KUVVUOSSU.
  1588 | D:2      | 1588 ||| DRINKING 3 ruby potions.
  1589 | D:2      | 1589 ||| DRINKING 2 clear potions.
  1615 | D:3      | Reached XP level 4. HP: 36/36 MP: 4/4
  1726 | D:3      | 1726 ||| SWAPPING to +0 longbow.
  1727 | D:3      | 1727 ||| DROPPING +1 sling.
  1947 | D:3      | 1947 ||| READING scroll labelled HOCHINKACHI.
  1948 | D:3      | 1948 ||| DRINKING 2 fizzy grey potions.
  1949 | D:3      | 1949 ||| DROPPING potion of attraction.
  1965 | D:4      | Noticed a scorpion
  1969 | D:4      | 1969 ||| STAIRDANCE
  1972 | D:3      | Killed a scorpion
  1973 | D:3      | Reached skill level 5 in Ranged Weapons
  1973 | D:3      | Reached XP level 5. HP: 27/41 MP: 5/5
  2098 | D:4      | Noticed an ogre
  2105 | D:4      | Killed an ogre
  2106 | D:4      | Reached skill level 3 in Fighting
  2107 | D:4      | 2107 ||| FLEEEEING.
  2198 | D:4      | Found Lethabai's Book Boutique.
  2506 | D:4      | Noticed a phantom
  2513 | D:4      | HP: 11/46 [phantom (6)]
  2514 | D:4      | 2514 ||| READING scroll of teleportation.
  2515 | D:4      | 2515 ||| DRINKING potion of heal wounds.
  2516 | D:4      | Killed a phantom
  2517 | D:4      | Reached skill level 6 in Ranged Weapons
  2517 | D:4      | Reached XP level 6. HP: 36/52 MP: 6/6
  2615 | D:4      | Noticed Grinder
  2616 | D:4      | Paralysed by Grinder for 4 turns
  2625 | D:4      | Killed Grinder
  2626 | D:4      | Reached XP level 7. HP: 51/62 MP: 7/7
  2776 | D:4      | Found a burning altar of Makhleb.
  2776 | D:4      | Noticed an Executioner
  2821 | D:4      | Found a hide-covered altar of Uskayaw.
  2963 | D:4      | Reached skill level 7 in Ranged Weapons
  3166 | D:4      | 3166 ||| UPGRADING to +2 robe of fire resistance.
  3176 | D:4      | 3176 ||| DROPPING +0 ring mail.
  3177 | D:4      | 3177 ||| UPGRADING to amulet of reflection.
  3182 | D:4      | 3182 ||| UPGRADING to ring of protection from cold.
  3183 | D:4      | 3183 ||| READING scroll labelled AMAH AFECKIT.
  3184 | D:4      | 3184 ||| READING scroll labelled BOHUPSEFINK.
  3248 | D:5      | Entered Level 5 of the Dungeon
  3550 | D:5      | 3550 ||| FLEEEEING.
  3558 | D:5      | 3558 ||| FLEEEEING.
  3559 | D:5      | 3559 ||| FLEEEEING.
  3560 | D:5      | 3560 ||| FLEEEEING.
  3561 | D:5      | 3561 ||| FLEEEEING.
  3563 | D:5      | 3563 ||| FLEEEEING.
  3564 | D:5      | 3564 ||| FLEEEEING.
  3565 | D:5      | 3565 ||| FLEEEEING.
  3566 | D:5      | 3566 ||| FLEEEEING.
  3613 | D:5      | Found a glowing silver altar of Zin.
  3689 | D:5      | Identified the +6 quarterstaff of Eternal Night {flame, rC+
                  | rCorr MP+9}
  3718 | D:5      | 3718 ||| FLEEEEING.
  3719 | D:5      | 3719 ||| FLEEEEING.
  3737 | D:5      | 3737 ||| FLEEEEING.
  3738 | D:5      | 3738 ||| FLEEEEING.
  3739 | D:5      | 3739 ||| FLEEEEING.
  3740 | D:5      | 3740 ||| FLEEEEING.
  3741 | D:5      | 3741 ||| FLEEEEING.
  3745 | D:5      | 3745 ||| FLEEEEING.
  3747 | D:5      | 3747 ||| FLEEEEING.
  3748 | D:5      | 3748 ||| FLEEEEING.
  3749 | D:5      | 3749 ||| FLEEEEING.
  3750 | D:5      | 3750 ||| FLEEEEING.
  3751 | D:5      | 3751 ||| FLEEEEING.
  3752 | D:5      | 3752 ||| FLEEEEING.
  3753 | D:5      | 3753 ||| FLEEEEING.
  3754 | D:5      | 3754 ||| FLEEEEING.
  3759 | D:5      | 3759 ||| STAIRDANCE
  3840 | D:4      | 3840 ||| UPGRADING to +0 pair of gloves.
  3855 | D:5      | HP: 13/62 [acid dragon (11)]
  3856 | D:5      | 3856 ||| READING scroll of teleportation.
  3856 | D:5      | HP: 6/62 [acid dragon (3)]
  3857 | D:5      | 3857 ||| DRINKING potion of heal wounds.
  3860 | D:5      | Reached skill level 8 in Ranged Weapons
  4312 | D:6      | Reached skill level 3 in Dodging
  4360 | D:6      | Reached XP level 8. HP: 70/70 MP: 8/8
  4434 | D:6      | Reached skill level 9 in Ranged Weapons
  4578 | D:6      | Reached skill level 6 in Fighting
  4930 | D:6      | 4930 ||| Stepping ~*~*~tactically~*~*~ (outnumbered).
  5064 | D:6      | Found a white marble altar of Elyvilon.
  5071 | D:6      | Found a snail-covered altar of Cheibriados.
  5106 | D:6      | 5106 ||| DROPPING amulet of magic regeneration.
  5107 | D:6      | 5107 ||| READING 2 scrolls labelled SIPINUU UNUWIAT.
  5197 | D:7      | Reached skill level 10 in Ranged Weapons
  5294 | D:7      | Noticed Prince Ribbit
  5304 | D:7      | HP: 15/71 [vampire mosquito (7)]
  5304 | D:7      | HP: 5/71 [vampire mosquito (6)]
  5305 | D:7      | Slain by a vampire mosquito

Levels and vault maps discovered:
D:1:      elethiomel_arrival_infinity_welcomes_careful_drivers, layout_basic,
          serial_curves, eino_curves_01, eino_curves_04, basic_ecumenical_altar,
          st_stairs_14, grunt_decor_clamped
D:2:      layout_rooms
D:3:      layout_rooms, minmay_statues_item, nicolae_elevator_lobby_plus
D:4:      layout_basic, nicolae_overflow_crystal_walls,
          makhleb_altar_promises_db, serial_shops, nicolae_square_shop,
          minmay_circle_x, uniq_grinder
D:5:      layout_loops_ring, zin_statuary
D:6:      layout_loops_ring, amethyst_overflow_temple_binary
D:7:      layout_layer_cave, minmay_temple_entry_hall, uniq_duvessa,
          uniq_prince_ribbit1

Skill      XL: |  1  2  3  4  5  6  7  8 |
---------------+-------------------------+-----
Ranged Weapons | 3 4 5 6 8 10 | 10.0
Fighting       | 2 3 5 6 |  6.7
Armour         | 1 |  1.2
Dodging        | 3 4 |  4.7
Spellcasting   | |  1.0
Hexes          | |  2.0

Action                     |  1- 3 |  4- 6 |  7- 9 || total
---------------------------+-------+-------+-------++-------
   Fire: Sling             |   130 |    15 |       ||   145
         Longbow           |       |    69 |   155 ||   224
    Use: Scroll            |     3 |     2 |     4 ||     9
         Potion            |     2 |     2 |     1 ||     5
 Armour: Robe              |     2 |       |    22 ||    24
         Ring mail         |    19 |    10 |     9 ||    38
  Dodge: Dodged            |    42 |    28 |    61 ||   131
  Block: Other             |       |       |    20 ||    20

Table legend:
 A = Non-vault XP
 B = Vault XP
 C = Vault XP percentage of total XP
 D = Non-vault monster count
 E = Vault monster count
 F = Vault count percentage of total count
                 A         B        C        D         E       F
            +---------+---------+-------+---------+---------+-------
      Total |    2097 |     409 |  16.3 |     108 |       9 |   7.7
            +---------+---------+-------+---------+---------+-------
        D:1 |      18 |       3 |  14.3 |      10 |       2 |  16.7
        D:2 |      58 |       0 |   0.0 |      23 |       0 |   0.0
        D:3 |     127 |       0 |   0.0 |      19 |       0 |   0.0
        D:4 |     434 |     406 |  48.3 |      25 |       7 |  21.9
        D:5 |     286 |       0 |   0.0 |       5 |       0 |   0.0
        D:6 |     560 |       0 |   0.0 |      19 |       0 |   0.0
        D:7 |     614 |       0 |   0.0 |       7 |       0 |   0.0
            +---------+---------+-------+---------+---------+-------
